 Dungeon Crawl Stone Soup version 0.24-a0-157-g36218c0 (webtiles) character file.

Game seed: 8288905860854402552

5579 Dfrag the Arsonist (level 10, -12/75 HPs)
             Began as a Naga Fire Elementalist on Mar 4, 2019.
             Was an Initiate of Vehumet.
             Mangled by an orc
             ... wielding the cursed +0 quarterstaff of Crystal {elec, +Blink Int+4 Dex+2}
              (19 damage)
             ... on level 8 of the Dungeon.
             The game lasted 00:17:14 (7084 turns).

Dfrag the Arsonist (Naga Fire Elementalist)         Turns: 7084, Time: 00:17:15

Health: -12/75     AC: 14    Str: 11    XL:     10   Next: 72%
Magic:  3/23       EV: 10    Int: 18    God:    Vehumet [......]
Gold:   383        SH:  0    Dex: 12    Spells: 14/27 levels left

rFire    + . .     SeeInvis +   g - +0 spear (venom)
rCold    + . .     Gourm    .   (no shield)
rNeg     . . .     Faith    .   u - +1 robe {rC+ rF+}
rPois    +         Spirit   .   B - +2 helmet
rElec    .         Reflect  .   F - +0 cloak
rCorr    .         Harm     .   (no gloves)
MR       +....                  (no barding)
Stlth    ++........             (no amulet)
HPRegen  0.22/turn              h - +2 ring of slaying
MPRegen  0.18/turn              o - +5 ring of protection

@: very slightly contaminated, very slow
A: large, see invisible, deformed body, poison resistance, slowness 2, slow
metabolism 1, spit poison 1, AC +3
a: Spit Poison, Renounce Religion


You were on level 8 of the Dungeon.
You worshipped Vehumet.
Vehumet was noncommittal.
You were hungry.

You visited 2 branches of the dungeon, and saw 9 of its levels.

You collected 383 gold pieces.

Inventory:

Hand Weapons
 g - a +0 spear of venom (weapon)
Armour
 a - a +0 robe
 e - a +0 helmet
 u - a +1 robe of resistance (worn)
 B - a +2 helmet (worn)
 F - a +0 cloak (worn)
Jewellery
 h - a +2 ring of slaying (left hand)
 o - a +5 ring of protection (right hand)
 C - an uncursed amulet of faith
 D - an uncursed ring of resist corrosion
 G - an uncursed ring of protection from cold {unknown}
 K - an uncursed amulet of the acrobat {unknown}
Wands
 E - a wand of paralysis (6)
 H - a wand of acid (5)
Scrolls
 b - 11 scrolls of identify {unknown}
 d - 5 scrolls of remove curse {unknown}
 j - a scroll of blinking {unknown}
 p - 2 scrolls of fear {unknown}
 r - a scroll of teleportation {unknown}
 t - a scroll of immolation {unknown}
 v - 2 scrolls of magic mapping {unknown}
 w - 2 scrolls of random uselessness {unknown}
 y - a scroll of enchant weapon {unknown}
 z - a scroll of amnesia {unknown}
 A - a scroll of enchant armour {unknown}
 J - a scroll of fog {unknown}
Potions
 f - a potion of experience
 i - 2 potions of curing
 k - 3 potions of lignification {unknown}
 l - 2 potions of degeneration {unknown}
 m - 3 potions of agility {unknown}
 n - 3 potions of brilliance {unknown}
 q - 2 potions of haste {unknown}
 s - a potion of cancellation {unknown}
 x - 3 potions of flight {unknown}
Comestibles
 c - 21 rations
 I - 10 chunks of flesh


   Skills:
 - Level 1.5 Dodging
 - Level 3.0 Stealth
 + Level 9.2 Spellcasting
 + Level 9.9 Conjurations
 + Level 10.2 Fire Magic


You had 14 spell levels left.
You knew the following spells:

 Your Spells              Type           Power        Failure   Level  Hunger
a - Flame Tongue          Conj/Fire      #####        1%          1    None
b - Conjure Flame         Conj/Fire      #####...     1%          3    None
c - Sticky Flame          Conj/Fire      #####...     1%          4    ###....
d - Fireball              Conj/Fire      #####.....   3%          5    #####..

Your spell library contained the following spells:

 Spells                   Type           Power        Failure   Level  Hunger
 Throw Flame              Conj/Fire      #####.       1%          2    None
 Inner Flame              Hex/Fire       ####....     3%          3    None


Dungeon Overview and Level Annotations

Branches:
Dungeon (8/15)             Temple (1/1) D:6
   Lair: D:8-11

Altars:
Elyvilon
Gozag
Kikubaaqudgha
Nemelex Xobeh
Ru
Sif Muna
Trog
Vehumet
Yredelemnul
Zin

Shops:
D:8 (

Annotations:
D:8 1 runed translucent door


Innate Abilities, Weirdness & Mutations

You cannot wear boots.
Your serpentine skin is tough. (AC +3)
You have supernaturally acute eyesight. (SInv)
Armour fits poorly on your strangely shaped body.
Your system is resistant to poisons. (rPois)
You cover ground very slowly.
You have a slow metabolism.
You can spit poison.


Message History

It was a potion of experience.
You feel more experienced!
Your Spellcasting skill gained 2 levels and is now at level 9!
Your Conjurations skill gained 2 levels and is now at level 9!
Your Fire Magic skill gained 2 levels and is now at level 10!
You have reached level 10!
The hippogriff burns!
The centaur hits you but does no damage.
The orc hits you but does no damage. The hippogriff bites you.
* * * LOW HITPOINT WARNING * * *
The hippogriff pecks you.
* * * LOW HITPOINT WARNING * * *
The hippogriff claws you but does no damage.
The centaur barely misses you.
It was a potion of curing.
You feel better.
The hippogriff burns!
The hippogriff stops burning.
The centaur barely misses you.
The orc hits you with the cursed +0 quarterstaff of Crystal {elec, +Blink Int+4 Dex+2}.
* * * LOW HITPOINT WARNING * * *
You are electrocuted!!
You die...

.......# #... ....
####.###....
#..(..........##
#...###........##
#..(#p#.........
##.h.#+#........
#.cHo..........
#.8@#####.8... .
#.###...###..#####.. #.#
#._.##.........# #.#
...##.........# #.#
#####.......... #.####
#......#.#. ########....##
##..####..#
....†........###.Z## ##..##
########....÷.##..####...#.


You could see a hippogriff, a centaur, a hound, an orc and a neutral human.

Vanquished Creatures
  A hippogriff (D:7)
  Eustachio (D:5)
  A hungry ghost (D:7)
  A sky beast (D:8)
  An orc warrior (D:6)
  An ice beast (D:7)
  4 centaurs
  2 ogres
  2 bullfrogs
  Blork the orc (D:5)
  2 wyvern skeletons (D:8)
  5 killer bees (D:8)
  2 howler monkeys (D:6)
  3 crimson imps
  A bullfrog zombie (D:7)
  2 jellies
  3 orc priests
  Crazy Yiuf (D:6)
  2 hounds
  A centaur skeleton (D:6)
  A human skeleton (D:8)
  5 orc wizards
  3 iguanas
  2 worker ants (D:7)
  A hound zombie (D:8)
  A hound skeleton (D:4)
  A worker ant zombie (D:5)
  5 gnolls
  11 adders
  A shadow imp (D:5)
  3 oozes
  A worm (D:3)
  An adder zombie (D:5)
  3 dart slugs
  3 leopard geckos
  24 orcs
  7 giant cockroaches
  4 goblins
  5 hobgoblins
  3 jackals (D:8)
  4 quokkas
  2 ball pythons
  12 bats
  7 frilled lizards
  A jackal skeleton (D:4)
  2 kobolds (D:3)
  A leopard gecko zombie (D:6)
  A quokka skeleton (D:5)
  7 rats
159 creatures vanquished.

Notes
Turn   | Place    | Note
-------+----------+-------------------------------------------
     0 | D:1      | Dfrag the Naga Fire Elementalist began the quest for the
                  | Orb.
     0 | D:1      | Reached XP level 1. HP: 15/15 MP: 3/3
    66 | D:1      | Reached XP level 2. HP: 22/22 MP: 3/5
   638 | D:1      | Reached XP level 3. HP: 28/28 MP: 4/6
   780 | D:2      | Reached XP level 4. HP: 27/36 MP: 5/8
   972 | D:2      | Found a white marble altar of Elyvilon.
  1125 | D:2      | Learned a level 3 spell: Conjure Flame
  1130 | D:2      | Learned a level 4 spell: Sticky Flame
  1148 | D:2      | Found a faded altar of an unknown god.
  1777 | D:3      | Reached skill level 4 in Fire Magic
  1777 | D:3      | Reached XP level 5. HP: 41/42 MP: 4/9
  2019 | D:3      | Reached XP level 6. HP: 49/49 MP: 3/11
  2331 | D:3      | You fall through a shaft for 2 floors!
  2331 | D:5      | Entered Level 5 of the Dungeon
  2422 | D:5      | Noticed Blork the orc
  2438 | D:5      | Killed Blork the orc
  2789 | D:4      | Found a bloodstained altar of Trog.
  3288 | D:5      | Reached skill level 5 in Fire Magic
  3288 | D:5      | Reached XP level 7. HP: 49/55 MP: 13/13
  3560 | D:5      | Noticed Eustachio
  3566 | D:5      | Killed Eustachio
  4169 | D:6      | Reached skill level 5 in Spellcasting
  4169 | D:6      | Reached skill level 5 in Conjurations
  4169 | D:6      | Reached XP level 8. HP: 31/62 MP: 10/15
  4208 | D:6      | Reached skill level 6 in Fire Magic
  4572 | D:6      | Found a staircase to the Ecumenical Temple.
  4591 | Temple   | Entered the Ecumenical Temple
  4596 | Temple   | Became a worshipper of Vehumet
  5004 | D:6      | Found a runed translucent door.
  5005 | D:6      | Noticed Crazy Yiuf
  5045 | D:6      | Killed Crazy Yiuf
  5431 | D:6      | Learned a level 5 spell: Fireball
  5726 | D:7      | Reached skill level 7 in Fire Magic
  5787 | D:7      | Found an opulent altar of Gozag.
  5848 | D:7      | Noticed a hippogriff
  5856 | D:7      | Killed a hippogriff
  5856 | D:7      | Reached XP level 9. HP: 64/68 MP: 11/18
  6151 | D:8      | Found a runed translucent door.
  6658 | D:8      | Reached skill level 8 in Fire Magic
  7058 | D:8      | Found a basalt altar of Yredelemnul.
  7068 | D:8      | Found Ypepedu's Weapon Shoppe.
  7071 | D:8      | Identified the cursed +0 quarterstaff of Crystal {elec,
                  | +Blink Int+4 Dex+2}
  7083 | D:8      | Reached skill level 10 in Fire Magic
  7083 | D:8      | Reached XP level 10. HP: 8/75 MP: 2/23
  7083 | D:8      | HP: 1/75 [hippogriff (4)]
  7084 | D:8      | Mangled by an orc

Levels and vault maps discovered:
D:1:      elethiomel_arrival_shortcut, layout_basic, st_stairs_10
D:2:      wad_crossroads, layout_basic, overflow_temple_1_default,
          chequers_ecumenical_altar_simple_redux
D:3:      layout_loops_ring, first_ration
D:4:      layout_rooms, bloody_trog
D:5:      layout_basic, serial_co_window_serial, co_window_paths_b,
          co_window_paths_b, co_window_of_opportunity_a, co_window_paths_b,
          co_window_cross_1, co_window_broadway_c, co_window_broadway_c,
          co_window_2corner, co_window_2corner, co_window_unsneaky_path_d,
          co_window_unsneaky_path_a, co_window_paths_e, st_stairs_13,
          uniq_eustachio, uniq_blork_the_orc
D:6:      layout_basic, minmay_temple_entry_junction_2, uniq_crazy_yiuf_cottage
D:7:      layout_loops_ring, grunt_gozag_statues
D:8:      layout_layer_cave, lair_entry_dummy, serial_shops,
          nicolae_shop_crystal, grunt_ogre_cave, dk_yredelemnul_ordeal
Temple:   grunt_wide_crystal_templ

Skill      XL: |  1  2  3  4  5  6  7  8  9 |
---------------+----------------------------+-----
Conjurations   | 2 3 5 6 9 |  9.9
Spellcasting   | 3 4 5 6 9 |  9.2
Fire Magic     | 4 5 7 10 | 10.2
Dodging        | |  1.5
Stealth        | |  3.0

Action                   |  1- 3 |  4- 6 |  7- 9 | 10-12 || total
-------------------------+-------+-------+-------+-------++-------
Melee: Unarmed           |     2 |       |       |       ||     2
       Spear             |    12 |   128 |   148 |       ||   288
 Cast: Flame Tongue      |    19 |    67 |    59 |       ||   145
       Sticky Flame      |       |     3 |    32 |       ||    35
       Conjure Flame     |       |       |     2 |       ||     2
       Fireball          |       |       |     2 |       ||     2
 Abil: Spit Poison       |    10 |    17 |     8 |       ||    35
  Use: Potion            |       |       |     1 |     1 ||     2
 Stab: Sleeping          |     1 |     2 |       |       ||     3
       Distracted        |       |       |     1 |       ||     1
  Eat: Chunk             |       |     9 |    12 |       ||    21
       Ration            |       |       |     1 |       ||     1
Armor: Robe              |    12 |    79 |   135 |     3 ||   229
Dodge: Dodged            |    13 |   100 |   152 |     2 ||   267

Table legend:
 A = Non-vault XP
 B = Vault XP
 C = Vault XP percentage of total XP
 D = Non-vault monster count
 E = Vault monster count
 F = Vault count percentage of total count
                 A         B        C        D         E       F
            +---------+---------+-------+---------+---------+-------
      Total |    3457 |     561 |  14.0 |     146 |      13 |   8.2
            +---------+---------+-------+---------+---------+-------
        D:1 |      44 |       3 |   6.4 |      14 |       2 |  12.5
        D:2 |      58 |      25 |  30.1 |      17 |       4 |  19.0
        D:3 |     246 |       0 |   0.0 |      39 |       0 |   0.0
        D:4 |      80 |       0 |   0.0 |       9 |       0 |   0.0
        D:5 |     305 |     328 |  51.8 |      20 |       4 |  16.7
        D:6 |     800 |      41 |   4.9 |      16 |       1 |   5.9
        D:7 |     890 |       0 |   0.0 |      11 |       0 |   0.0
        D:8 |    1034 |     164 |  13.7 |      20 |       2 |   9.1
            +---------+---------+-------+---------+---------+-------
